 Dungeon Crawl Stone Soup version 0.29-a0-360-g8ed1089bbe (webtiles) character file.

Game seed: 7785934009653043363

702 Zeldest the Caller (level 7, -1/60 HPs)
             Began as a Hill Orc Summoner on Apr 28, 2022.
             Slain by a scorpion (4 damage)
             ... on level 6 of the Dungeon.
             The game lasted 00:18:59 (5869 turns).

Zeldest the Caller (Hill Orc Summoner)              Turns: 5869, Time: 00:19:00

Health: -1/60      AC:  4    Str: 12 (14) XL:     7   Next: 66%
Magic:  10/11      EV: 11    Int: 16 (17) God:
Gold:   209        SH:  3    Dex:  8 (11) Spells: 3/12 levels left

rFire   . . .      SeeInvis +   m - +7 whip "Qeriqu" {holy, rElec rC+ Str+3}
rCold   + + .      Faith    .   z - +0 buckler
rNeg    . . .      Spirit   .   a - +0 robe
rPois   .          Reflect  .   (no helmet)
rElec   +          Harm     .   x - +0 cloak
rCorr   .          Rampage  .   (no gloves)
Will    .....                   o - +0 pair of boots
Stlth   +.........              (no amulet)
HPRegen 0.20/turn               c - ring of protection from cold
MPRegen 0.12/turn               r - ring of see invisible

@: brilliant, lethally poisoned (-1 -> -11), attractive, flying (expiring)
A: no striking features
a: no special abilities


You were on level 6 of the Dungeon.
You visited 1 branch of the dungeon, and saw 5 of its levels.

You collected 209 gold pieces.

Inventory:

Hand Weapons
 m - the +7 whip "Qeriqu" (weapon) {holy, rElec rC+ Str+3}
   (You found it on level 2 of the Dungeon)

   It has been blessed by the Shining One to cause great damage to the undead
   and demons.
   Str:       It affects your strength (+3).
   rC:        It protects you from cold.
   rElec:     It insulates you from electricity.
 w - the +5 mace of Mecivoupt {vorpal, rC+ Str+2 Stlth+}
   (You found it on level 4 of the Dungeon)

   It inflicts extra damage upon your enemies.
   Str:       It affects your strength (+2).
   rC:        It protects you from cold.
   Stlth:     It makes you more stealthy.
 y - the +4 mace of Pixuudam {vorpal, Int+4}
   (You found it on level 4 of the Dungeon)

   It inflicts extra damage upon your enemies.
   Int:       It affects your intelligence (+4).
Armour
 a - a +0 robe (worn)
 o - a +0 pair of boots (worn)
 x - a +0 cloak (worn)
 z - a +0 buckler (worn)
Jewellery
 c - a ring of protection from cold (left hand)
 l - a ring of fire
 n - a ring of flight
 r - a ring of see invisible (right hand)
 v - a ring of fire
Wands
 u - a wand of paralysis (8)
Scrolls
 g - 3 scrolls of teleportation
 h - 3 scrolls of identify {unknown}
 i - 2 scrolls of enchant weapon {unknown}
 k - 2 scrolls of fear {unknown}
 q - a scroll of enchant armour {unknown}
 s - a scroll of vulnerability {unknown}
 t - a scroll of holy word {unknown}
Potions
 d - a potion of degeneration
 e - a potion of might {unknown}
 f - a potion of attraction
 j - 2 potions of brilliance
 p - 3 potions of flight


   Skills:
 + Level 4.8 Fighting
 - Level 1.5 Dodging
 - Level 1.5 Stealth
 + Level 2.2 Shields
 - Level 3.0 Spellcasting
 + Level 6.8 Summonings


You had 3 spell levels left.
You knew the following spells:

 Your Spells              Type           Power      Damage    Failure   Level
a - Call Imp              Summ           36%        N/A       2%          2
b - Summon Small Mammal   Summ           100%       N/A       1%          1
c - Call Canine Familiar  Summ           36%        N/A       4%          3
d - Summon Guardian Gole  Hex/Summ       20%        N/A       19%         3

Your spell library contained the following spells:

 Spells                   Type           Power      Damage    Failure   Level
 Sandblast                Erth           6%         2d5       24%         1
 Corpse Rot               Necr/Air       6%         N/A       36%         2
 Passwall                 Tmut/Erth      2%         N/A       36%         2
 Stone Arrow              Conj/Erth      6%         3d7       58%         3
 Summon Lightning Spire   Summ/Air       20%        N/A       52%         4
 Dispel Undead            Necr           3%         3d7       94%         4
 Death Channel            Necr           1%         N/A       100%        6


Dungeon Overview and Level Annotations

Branches:
Dungeon (4/15)
 Temple: D:4-7

Altars:
Fedhas
Gozag
Kikubaaqudgha
Ru

Shops:
D:2 =:(!   D:6 :


Message History

The scorpion attacks as you move away!
The scorpion stings you but does no damage.
Your crimson imp barely misses the scorpion.
You block the scorpion's attack.
Your crimson imp says, "Isn't this more fun with friends?"
Your crimson imp blinks!
Magic courses through your body.
You are starting to lose your buoyancy.
The scorpion stings you.
You are poisoned.
The scorpion poisons you!
Casting: Call Imp (safe; 1% risk of failure)
Confirm with . or Enter, or press ? or * to list all spells.
You feel a surge of power!
You feel very sick. You block the scorpion's attack.
The scorpion attacks as you move away! The scorpion stings you.
* * * LOW HITPOINT WARNING * * *
You are lethally poisoned!
The scorpion poisons you!
* * * LOW HITPOINT WARNING * * *
You feel very sick.
Your hound barely misses the scorpion.
Okay, then.
It was a potion of attraction.
You feel attractive to monsters.
* * * LOW HITPOINT WARNING * * *
You feel very sick.
Your hound bites the scorpion but does no damage.
The scorpion stings you.
* * * LOW HITPOINT WARNING * * *
Your hound bites the scorpion but does no damage.
It was a potion of degeneration.
There was something very wrong with that liquid.
You feel weakened.
You feel dopey.
You feel clumsy.
* * * LOW HITPOINT WARNING * * *
You feel very sick. The scorpion closely misses you.
Your hound bites the scorpion.
The scorpion stings you.
You die...

........#
........####
...........###
###..........####
#.............##
#..............#
#..##..........##
#.#####...5..h..#
#.# ###....s@##
### ##.....# #.
##......# ##..
#.......# .....##
#.......##
#...###.......#
#...##...##.##
###....######
##.###


You could see a scorpion (ally target), a friendly hound (summoned) and a
friendly crimson imp (summoned).

Vanquished Creatures (collateral kills)
  An ice beast (D:6)
  A phantom (D:6)
  A scorpion (D:4)
  Crazy Yiuf (D:4)
  2 hounds (D:4)
  2 iguanas (D:4)
  2 orc wizards (D:4)
  Robin (D:4)
  5 adders
  2 river rats (D:4)
  An ufetubus (D:4)
  3 worms
  2 dart slugs
  6 orcs (D:4)
  14 endoplasms
  2 giant cockroaches
  14 goblins
  12 hobgoblins
  3 jackals (D:2)
  6 quokkas
  7 ball pythons
  5 bats
  7 frilled lizards
  11 kobolds
  6 rats
117 creatures vanquished.

Vanquished Creatures (others)
  An ice beast (D:6)
  A fungus (D:4)
  4 plants (D:4)
6 creatures vanquished.

Grand Total: 123 creatures vanquished

Notes
Turn   | Place    | Note
-------+----------+-------------------------------------------
     0 | D:1      | Zeldest the Hill Orc Summoner began the quest for the Orb.
     0 | D:1      | Reached XP level 1. HP: 14/14 MP: 3/3
   178 | D:1      | Reached XP level 2. HP: 3/22 MP: 0/4
   182 | D:1      | Learned a level 2 spell: Call Imp
   487 | D:1      | Reached skill level 1 in Fighting
  1093 | D:1      | Reached XP level 3. HP: 28/28 MP: 0/5
  1754 | D:2      | Found Funopnus's Jewellery Shoppe.
  1954 | D:2      | Found Atanunos's Book Shop.
  2030 | D:2      | Identified the +7 whip "Qeriqu" {holy, rElec rC+ Str+3}
  2456 | D:2      | Found Ydol's Antique Weapon Shop.
  2463 | D:2      | Found Eghua's Distillery.
  2893 | D:3      | Reached XP level 4. HP: 36/36 MP: 4/7
  3058 | D:3      | Found a sacrificial altar of Ru.
  3219 | D:3      | Found an ancient bone altar of Kikubaaqudgha.
  3590 | D:3      | Found a faded altar of an unknown god.
  3890 | D:4      | Reached skill level 5 in Summonings
  4040 | D:4      | Found a blossoming altar of Fedhas.
  4069 | D:4      | Reached XP level 5. HP: 8/42 MP: 1/8
  4242 | D:4      | Found an opulent altar of Gozag.
  4285 | D:4      | Learned a level 3 spell: Call Canine Familiar
  4326 | D:4      | Noticed Robin
  4351 | D:4      | Killed Robin
  4425 | D:4      | Learned a level 3 spell: Summon Guardian Golem
  4732 | D:4      | Reached XP level 6. HP: 51/51 MP: 4/9
  4894 | D:4      | Reached skill level 6 in Summonings
  5093 | D:4      | Identified the +5 mace of Mecivoupt {vorpal, rC+ Str+2
                  | Stlth+}
  5094 | D:4      | Found a runed translucent door.
  5098 | D:4      | Noticed Crazy Yiuf
  5148 | D:4      | Killed Crazy Yiuf
  5227 | D:4      | Identified the +4 mace of Pixuudam {vorpal, Int+4}
  5424 | D:4      | Reached XP level 7. HP: 56/58 MP: 4/11
  5676 | D:4      | You fall into a shaft and drop 2 floors!
  5691 | D:6      | Reached skill level 1 in Shields
  5712 | D:6      | Found Tathofu's Book Shop.
  5869 | D:6      | HP: 3/60 [poisoned by a scorpion]
  5869 | D:6      | Slain by a scorpion

Illustrated notes

Levels and vault maps discovered:
D:1:      zaba_arrival_water, layout_basic
D:2:      layout_basic, serial_shops, nicolae_shop_crystal, nicolae_shop_stone,
          nicolae_shop_trees, nicolae_shop_statue_plus
D:3:      layout_basic, mainiacjoe_overflow_catch_the_wave,
          dreamdust_ecumenical_altar_angels_and_demons, due_unseen_surprise
D:4:      old_forge, layout_rooms, amcnicky_altar_gilded, fedhas_altar_1,
          lightli_sewer_entry_pipes, minmay_tree_intersection, minmay_vboxes,
          uniq_robin, uniq_crazy_yiuf_cottage
D:6:      layout_cave_pods, nicolae_vehumet_altar_sigil, serial_shops, shop,
          kennysheep_generic_room_9

Skill      XL: |  1  2  3  4  5  6  7 |
---------------+----------------------+-----
Fighting       | 1 2 3 4 |  4.8
Spellcasting   | 2 3 |  3.0
Summonings     | 5 6 |  6.8
Shields        | 2 |  2.2
Dodging        | |  1.5
Stealth        | |  1.5

Action                   |  1- 3 |  4- 6 |  7- 9 || total
-------------------------+-------+-------+-------++-------
 Cast: Summon Small Mamm |    38 |    44 |     9 ||    91
       Call Imp          |    22 |    36 |     6 ||    64
       Call Canine Famil |       |    16 |     7 ||    23
       Summon Guardian G |       |       |     1 ||     1
  Use: Scroll            |     1 |       |       ||     1
       Potion            |       |       |     5 ||     5
Armor: Robe              |    16 |    19 |    13 ||    48
Dodge: Dodged            |    32 |    62 |    17 ||   111
Block: Buckler           |       |       |     4 ||     4

Table legend: (Time is in decaauts)
 A = Elapsed time spent in this place.
 B = Non-inter-level travel time spent in this place.
 C = Inter-level travel time spent in this place.
 D = Time resting spent in this place.
 E = Time spent auto-exploring this place.
 F = Levels seen in this place.
 G = Mean time per level.
                   A        B        C        D        E       F      G
               +--------+--------+--------+--------+--------+-----+--------+
         Total |   5901 |   5832 |     69 |   2290 |   1993 |   5 | 1180.2 |
       Dungeon |   5901 |   5832 |     69 |   2290 |   1993 |   5 | 1180.2 |
               +--------+--------+--------+--------+--------+-----+--------+

Top non-repeatable levels by time:
     D:4: 1830 daAuts
     D:1: 1447 daAuts
     D:2: 1339 daAuts
     D:3: 1090 daAuts
     D:6: 192 daAuts
